Map: Waterfall

Players

NaXin - Winner!

  • Race: Terran Terran
  • Spawn Location: 1:00

Lemon

  • Race: Terran Terran
  • Spawn Location: 7:00

Event: DreamHack SC2 Masters 2022 Atlanta (Online)

VOD

Have the link to the VOD?

Description

Time

  • Played on: Sept. 29, 2022, 7:52 a.m.
  • Length: 4:40

All games in this series

Show
View Real Time Build Order
Export as new Build Order

NaXin Terran - Winner!

Build Orders: 1/1/1 

Get SALT Encoding   

  12  0:00  SCV  
  13  0:12  SCV  
  14  0:17  Supply Depot  
  14  0:24  SCV  
  15  0:39  SCV  
  15  0:40  Barracks  
  16  0:44  Refinery  
  16  0:51  SCV  
  16  0:53  Refinery  
  17  1:03  SCV  
  18  1:15  SCV  
  19  1:27  Reaper, Orbital Command  
  19  1:29  Supply Depot  
  20  1:40  Factory  
  20  1:52  SCV  
  21  1:59  Barracks Reactor  
  21  2:05  SCV  
  22  2:17  SCV  
  23  2:25  Factory Tech Lab  
  23  2:26  Starport  
  23  2:29  SCV  
  24  2:36  Marine x2  
  26  2:39  Supply Depot  
  26  2:41  SCV  
  30  2:44  Siege Tank  
  30  2:48  Supply Depot  
  30  2:54  Marine  
  31  3:00  SCV, Marine  
  31  3:03  Medivac  
  35  3:12  Marine  
  36  3:17  Siege Tank  
  36  3:18  Marine  
  40  3:23  Supply Depot  
  40  3:30  Marine  
  40  3:34  Viking  
  43  3:36  Marine  
  44  3:47  Supply Depot, Marine  
  45  3:53  Siege Tank  
  45  3:54  Marine  
  49  4:05  Marine  
  50  4:14  Marine  
  53  4:21  SCV  
Show
View Real Time Build Order
Export as new Build Order

Lemon Terran 

Build Orders: Cyclone Opening 

Get SALT Encoding   

  12  0:00  SCV  
  13  0:12  SCV  
  14  0:17  Supply Depot  
  14  0:24  SCV  
  15  0:38  SCV  
  15  0:39  Barracks  
  16  0:43  Refinery  
  16  0:50  SCV  
  16  0:53  Refinery  
  17  1:03  SCV  
  18  1:15  SCV  
  19  1:27  Reaper, Orbital Command  
  19  1:29  Supply Depot  
  20  1:41  Factory  
  20  1:52  SCV  
  21  1:59  Reaper  
  22  2:04  SCV  
  23  2:16  Command Center  
  23  2:18  SCV  
  24  2:25  Hellion  
  26  2:30  SCV  
  26  2:32  Barracks Tech Lab  
  27  2:37  Supply Depot  
  27  2:42  SCV  
  28  2:51  Starport  
  28  2:54  Cyclone  
  31  2:59  SCV  
  31  3:01  Barracks Tech Lab  
  32  3:11  SCV  
  33  3:17  Refinery  
  33  3:23  SCV  
  33  3:26  Siege Tank  
  37  3:29  Orbital Command  
  37  3:35  SCV  
  37  3:36  Banshee  
  41  3:47  SCV  
  42  3:56  SCV  
  42  3:58  Siege Tank  
  42  3:59  SCV  
  47  4:07  Supply Depot  
  47  4:08  SCV  
  48  4:11  SCV  
  46  4:20  SCV  
  44  4:25  SCV  
Tags
 
Add a new tag
Caveats
  • Supply blocks, unpowered buildings, or Contaminate may cause inaccurate times.
  • Supply counts are checked every 10 seconds.